 Crawl Stoat Soup version 0.23-ish-327-95-g181beea39d (console) character file.

2715 hilarita the Arsonist (level 9, -5/61 HPs)
             Began as a Faerie Dragon Fire Elementalist on Apr 6, 2024.
             Was a Follower of Vehumet.
             Slain by a two-headed ogre
             ... wielding a +0 giant club
              (19 damage)
             ... on level 8 of the Dungeon.
             The game lasted 00:19:28 (6566 turns).

hilarita the Arsonist (FDFE)                        Turns: 6566, Time: 00:19:29

Health: -5/61      AC:  7    Str:  6    XL:     9   Next: 66%
Magic:  16/19      EV: 14    Int: 22    God:    Vehumet [*.....]
Gold:   113        SH:  6    Dex: 13    Spells: 6/21 levels left

rFire    + . .     SeeInvis .   y - staff of fire
rCold    . . .     Gourm    .   (shield currently unavailable)
rNeg     . . .     Faith    +   (armour unavailable)
rPois    .         Spirit   .   (helmet restricted)
rElec    .         Warding  .   t - +0 cloak
rCorr    .         Reflect  .   (no gloves)
MR       .....     Harm     .   (no boots)
Stlth    +.........             A - amulet of faith
HPRegen  0.20/turn              (no ring)
MPRegen  0.16/turn              (no ring)

@: flying, very slightly contaminated
A: small, sparkly, unfitting armour, magic attunement, magical scales, able to
fly
a: Stop Flying, Renounce Religion


You were on level 8 of the Dungeon.
You worshipped Vehumet.
Vehumet was aware of your devotion.
You were hungry.

You visited 2 branches of the dungeon, and saw 9 of its levels.

You collected 308 gold pieces.
You spent 195 gold pieces at shops.

Inventory:

Hand Weapons
 e - a +1 short sword
 s - a +0 dagger of protection
Missiles
 c - 90 arrows
Armour
 t - a +0 cloak (worn)
Magical Staves
 y - an uncursed staff of fire (weapon)
Jewellery
 u - an uncursed amulet of regeneration
 A - an amulet of faith (around neck)
Wands
 d - a wand of iceblast (8 charges)
 p - a wand of random effects (9 charges)
 v - a wand of polymorph (19 charges)
Scrolls
 h - a scroll of enchant armour
 i - 6 scrolls of remove curse
 j - 2 scrolls of fear
 l - 2 scrolls of magic mapping
 m - 3 scrolls of teleportation
 q - 3 scrolls of amnesia
 B - a scroll of enchant weapon
Potions
 a - a potion of berserk rage
 g - 4 potions of curing
 k - a potion of brilliance
 n - a potion of cancellation {unknown}
 o - 3 potions of heal wounds
 r - 2 potions of lignification
 x - a potion of haste
 z - a potion of agility {unknown}
Comestibles
 b - 5 bread rations
 f - 4 meat rations
 w - 2 fruits


   Skills:
 + Level 5.1 Fighting
 - Level 2.1 Dodging
 - Level 1.2 Stealth
 + Level 6.8 Spellcasting
 + Level 6.9 Conjurations
 * Level 10.4 Fire Magic


You had 6 spell levels left.
You knew the following spells:

 Your Spells              Type           Power        Failure   Level  Hunger
a - Flame Tongue          Conj/Fire      40/40        1%          1    None
b - Throw Flame           Conj/Fire      50/50        1%          2    None
c - Conjure Flame         Conj/Fire      62/100       1%          3    None
d - Sticky Flame          Conj/Fire      62/100       2%          4    None
e - Fireball              Conj/Fire      62/200       7%          5    None

Your spell library contained the following spells:

 Spells                   Type           Power        Failure   Level  Hunger
 Sting                    Conj/Pois      22/25        1%          1    None
 Inner Flame              Hex/Fire       45/100       3%          3    None
 Apportation              Tloc           7/50         9%          1    None
 Confusing Touch          Hex            7/50         9%          1    None
 Necrotise                Necr           7/25         9%          1    None
 Summon Butterflies       Summ           7/100        9%          1    None
 Summon Small Mammal      Summ           7/25         9%          1    None
 Mephitic Cloud           Conj/Pois/Air  17/100       10%         3    None
 Poisonous Vapours        Pois/Air       7/50         13%         2    None
 Slow                     Hex            7/100        13%         2    None
 Freezing Cloud           Conj/Ice/Air   17/200       99%         6    None
 Shadow Creatures         Summ           N/A          100%        6    None
 Ring of Flames           Chrm/Fire      45/200       100%        7    None
 Spellforged Servitor     Conj/Summ      22/200       100%        7    None


Dungeon Overview and Level Annotations

Branches:
Dungeon (8/15)             Temple (1/1) D:6
   Lair: D:8-11

Altars:
Ashenzari
Cheibriados
Dithmenos
Elyvilon
Fedhas
Gozag
Hepliaklqana Ihp'ix
Kikubaaqudgha
Makhleb
Nemelex Xobeh
Okawaru
Qazlal
Ru
Sif Muna
Trog
Uskayaw
Vehumet
Wu Jian
Xom
Yredelemnul
Zin
The Shining One

Shops:
D:5 !

Annotations:
D:7 2 transporters


Innate Abilities, Weirdness & Mutations

Your sparkly wings attract attention (Stealth-).
You are small and have problems with some larger weapons.
You cannot fit into any form of body armour.
Your spells do not cause hunger; their MP costs are reduced by 1.
Your shimmering scales repel attacks (AC +6, SH +6).
You can fly continuously.


Message History

Confirm with . or Enter, or press ? or * to list all spells.
Aiming: Flame Tongue (safe; 1% risk of failure)
Press: ? - help, Shift-Dir - straight line, f/p - two-headed ogre
Aim: a two-headed ogre, wielding two giant clubs (severely wounded, covered in liquid flames)
You feel a surge of power!
You miscast Flame Tongue.
You are very lightly contaminated with residual magic.
Nothing appears to happen.
The two-headed ogre burns!
The two-headed ogre closely misses you. x2
Casting: Flame Tongue (safe; 1% risk of failure)
Confirm with . or Enter, or press ? or * to list all spells.
Aiming: Flame Tongue (safe; 1% risk of failure)
Press: ? - help, Shift-Dir - straight line, f/p - two-headed ogre
Aim: a two-headed ogre, wielding two giant clubs (severely wounded, covered in liquid flames)
You feel a surge of power!
The flame tongue misses the two-headed ogre.
The two-headed ogre burns!
The two-headed ogre hits you with a giant club!!!
Ouch! That really hurt!
The two-headed ogre hits you with a giant club!!
You die...

#######
#.....#
#.....#
#.....#
#....O+
#....@#
#######


You could see a two-headed ogre (burning).

Vanquished Creatures
  Grinder (D:4)
  A hungry ghost (D:6)
  Menkaure (D:7)
  Edmund (D:6)
  An ice beast (D:7)
  A black bear (D:7)
  2 orc warriors (D:7)
  3 ogres
  A centaur (D:7)
  3 bullfrogs
  A wyvern skeleton (D:7)
  3 scorpions
  An electric eel (D:6)
  A howler monkey (D:6)
  A centaur zombie (D:7)
  A bullfrog zombie (D:7)
  A goliath beetle (D:6)
  3 hounds
  7 orc wizards
  5 orc priests
  Natasha (thrice) (D:2)
  An iguana (D:7)
  2 worker ants
  2 hound skeletons
  A worker ant zombie (D:6)
  6 gnolls (D:4)
  6 adders
  A white imp (D:5)
  An ufetubus (D:7)
  2 oozes (D:3)
  An adder skeleton (D:4)
  An adder zombie (D:7)
  4 worms
  A dart slug (D:4)
  6 leopard geckos
  35 orcs
  7 bats
  8 giant cockroaches
  8 goblins
  5 hobgoblins
  4 jackals
  10 kobolds
  3 weasels
  A ball python (D:2)
  3 frilled lizards
  8 rats
  A weasel skeleton (D:5)
170 creatures vanquished.

Vanquished Creatures (others)
  A goliath beetle (D:7)
1 creature vanquished.

Grand Total: 171 creatures vanquished

Notes
Turn   | Place    | Note
-------+----------+-------------------------------------------
     0 | D:1      | hilarita the Faerie Dragon Fire Elementalist began the
                  | quest for the Orb.
     0 | D:1      | Reached XP level 1. HP: 11/11 MP: 3/3
   127 | D:1      | Reached XP level 2. HP: 18/18 MP: 5/5
   153 | D:1      | Learned a level 2 spell: Throw Flame
   181 | D:1      | Reached skill level 4 in Fire Magic
   344 | D:1      | Reached XP level 3. HP: 22/22 MP: 7/7
   349 | D:1      | Learned a level 3 spell: Conjure Flame
   859 | D:2      | Reached skill level 1 in Fighting
  1029 | D:2      | Reached XP level 4. HP: 28/28 MP: 3/8
  1207 | D:2      | Noticed Natasha
  1214 | D:2      | Killed Natasha
  1462 | D:2      | Noticed Natasha
  1467 | D:2      | Killed Natasha
  1467 | D:2      | Reached skill level 5 in Fire Magic
  1467 | D:2      | Reached XP level 5. HP: 22/33 MP: 3/10
  1481 | D:2      | Learned a level 4 spell: Sticky Flame
  1518 | D:2      | Noticed Natasha
  1523 | D:2      | Killed Natasha
  2824 | D:4      | Reached XP level 6. HP: 39/39 MP: 8/11
  2861 | D:4      | Noticed Grinder
  2869 | D:4      | Paralysed by Grinder for 3 turns
  2877 | D:4      | Killed Grinder
  2877 | D:4      | Reached skill level 6 in Fire Magic
  2877 | D:4      | Reached XP level 7. HP: 45/45 MP: 4/13
  2900 | D:4      | Noticed hilarita's ghost (amateur DEFE)
  2903 | D:4      | Witnessed revenge of hilarita's ghost on a gnoll.
  3421 | D:4      | Reached skill level 7 in Fire Magic
  3439 | D:4      | Learned a level 5 spell: Fireball
  3562 | D:5      | Entered Level 5 of the Dungeon
  3638 | D:5      | Found Gafatsurph's Distillery.
  3646 | D:5      | Bought a potion of heal wounds for 65 gold pieces
  3646 | D:5      | Bought a potion of haste for 130 gold pieces
  3729 | D:5      | Found a burning altar of Makhleb.
  3955 | D:5      | Found a hazy altar of Hepliaklqana.
  4012 | D:5      | Reached XP level 8. HP: 34/52 MP: 11/15
  4109 | D:5      | Reached skill level 5 in Spellcasting
  4574 | D:6      | Reached skill level 5 in Conjurations
  4624 | D:6      | Reached skill level 8 in Fire Magic
  4633 | D:6      | Found a staircase to the Ecumenical Temple.
  4661 | Temple   | Entered the Ecumenical Temple
  5023 | Temple   | Became a worshipper of Vehumet
  5233 | D:6      | Found an opulent altar of Gozag.
  5279 | D:6      | Noticed Edmund
  5289 | D:6      | Killed Edmund
  5289 | D:6      | Reached skill level 9 in Fire Magic
  5360 | D:6      | Reached XP level 9. HP: 59/59 MP: 13/18
  5536 | D:6      | Found a white marble altar of Elyvilon.
  5753 | D:7      | Found a transporter.
  5830 | D:7      | Noticed Menkaure
  5843 | D:7      | Killed Menkaure
  5920 | D:7      | Reached * piety under Vehumet
  5920 | D:7      | Offered knowledge of Sting by Vehumet.
  5946 | D:7      | Found a transporter.
  6037 | D:7      | Reached skill level 10 in Fire Magic
  6207 | D:7      | Reached skill level 5 in Fighting
  6502 | D:7      | Identified Daas Riss's Compendium of Summoning and Hexes
  6560 | D:8      | Noticed a two-headed ogre
  6566 | D:8      | Slain by a two-headed ogre

Vault maps used:
D:1:      eino_arrival_water_cross
D:2:      hangedman_abyss_or_decor_lesser_grid, uniq_natasha
D:3:      kennysheep_crisscross
D:4:      first_bread, uniq_grinder
D:5:      lemuel_crystal_altar, serial_shops,
          nicolae_shop_competitors_out_of_business, lemuel_tele_altar
D:6:      lemuel_coloured_pillars_altar, minmay_temple_entry_grid, fountainhead,
          chequers_serial_rivers_micro_e,
          nicolae_gozag_cash_rules_everything_around_me, uniq_edmund
D:7:      gammafunk_cloud_chamber, uniq_menkaure
D:8:      nemelex_diamond_rough_becter
Temple:   roderic_octagonal_lattice_temple

Skill      XL: |  1  2  3  4  5  6  7  8  9 |
---------------+----------------------------+-----
Fire Magic     | 4 5 6 7 9 10 | 10.4
Fighting       | 1 2 3 4 5 |  5.1
Conjurations   | 2 3 4 6 |  6.9
Spellcasting   | 3 4 6 |  6.8
Dodging        | |  2.1
Stealth        | |  1.2

Action                   |  1- 3 |  4- 6 |  7- 9 || total
-------------------------+-------+-------+-------++-------
Melee: Staff             |       |       |     2 ||     2
 Cast: Flame Tongue      |    71 |    77 |   231 ||   379
       Throw Flame       |     6 |    23 |    68 ||    97
       Sticky Flame      |       |     1 |     8 ||     9
       Conjure Flame     |       |       |     6 ||     6
  Use: Scroll            |     5 |     5 |     7 ||    17
  Eat: Chunk             |       |     6 |    10 ||    16
Armor: Skin              |     7 |     6 |    17 ||    30
Dodge: Dodged            |    23 |    18 |    53 ||    94
Block: Other             |     7 |    12 |    24 ||    43

Table legend:
 A = Spawn XP
 B = Non-spawn XP
 C = Spawn XP percentage of total XP
 D = Spawn monster count
 E = Non-spawn monster count
 F = Spawn count percentage of total count
 G = Total turns spent on level
                    A         B        C        D         E        F      G
               +---------+---------+-------+---------+---------+-------+---------
         Total |     274 |    3605 |   7.1 |      19 |     151 |  11.2 |  6566
               +---------+---------+-------+---------+---------+-------+---------
           D:1 |       5 |      35 |  12.5 |       3 |      20 |  13.0 |   850
           D:2 |       5 |     174 |   2.8 |       3 |      19 |  13.6 |  1152
           D:3 |      14 |      40 |  25.9 |       4 |      17 |  19.0 |   727
           D:4 |      43 |     602 |   6.7 |       5 |      21 |  19.2 |   833
           D:5 |       0 |     372 |   0.0 |       0 |      23 |   0.0 |   964
           D:6 |       0 |    1128 |   0.0 |       0 |      18 |   0.0 |   819
           D:7 |     207 |    1254 |  14.2 |       4 |      33 |  10.8 |   835
               +---------+---------+-------+---------+---------+-------+---------
